 Dungeon Crawl Stone Soup version 0.13.0-29-gdb529de (webtiles) character file.

19513 Lilouch the Thaumaturge (level 12, 0/58 (59) HPs)
             Began as a Deep Elf Fire Elementalist on Nov 9, 2013.
             Was an Elder of Kikubaaqudgha.
             Succumbed to a soldier ant's poison
             ... while paralysed by a potion of paralysis
             ... on Level 3 of the Lair of Beasts.
             The game lasted 03:41:29 (18763 turns).

Lilouch the Thaumaturge (DEFE)                     Turns: 18763, Time: 03:41:29

HP   0/58 (59)   AC 11     Str  1      XL: 12   Next: 31%
MP   4/30        EV  2     Int 26      God: Kikubaaqudgha [****..]
Gold 605         SH  0     Dex 16      Spells:  9 memorised,  4 levels left

Res.Fire  : . . .   See Invis. : .   B - +0 sling
Res.Cold  : + . .   Warding    : .   f - +1 robe
Life Prot.: . . .   Conserve   : .   o - +0 shield
Res.Poison: .       Res.Corr.  : .   c - +1 wizard hat {MR+}
Res.Elec. : .       Clarity    : .   a - -1 cloak (curse)
Sust.Abil.: . .     Spirit.Shd : .   v - +0 pair of gloves "Weot" {rC+}
Res.Mut.  : .       Rnd.Telep. : +   (no boots)
Res.Rott. : .       Flight     : .   (no amulet)
Saprovore : . . .                    (no ring)
                                     m - cursed ring of teleportation

@: paralysed, very poisoned, very slightly contaminated, quite resistant to
hostile enchantments, quite stealthy
A: -10% mp, slow metabolism 1, spit poison 2, AC +6, SH +2, Str -4, Dex +1
a: Spit Poison, Receive Corpses, Renounce Religion, Evoke Teleportation


You were on level 3 of the Lair of Beasts.
You worshipped Kikubaaqudgha.
Kikubaaqudgha was greatly pleased with you.
You were not hungry.

You visited 3 branches of the dungeon, and saw 15 of its levels.
You also visited: Sewer.

You collected 585 gold pieces.

Inventory:

Hand weapons
 i - a +2,+1 spear of freezing
 B - a +0,+0 sling (weapon)
Missiles
 k - 18 sling bullets (quivered)
 t - 9 darts of dispersal
 w - 16 exploding sling bullets
Armour
 a - a cursed -1 cloak (worn)
 c - a +1 wizard hat of magic resistance (worn)
 f - a +1 robe (worn)
 o - a +0 shield (worn)
 v - the +0 pair of gloves "Weot" (worn) {rC+}
   (You found it on level 4 of the Dungeon)

   It protects you from cold.
 R - a +1 helmet
Comestibles
 g - 4 chunks of jackal flesh
 s - 3 meat rations
Scrolls
 b - a scroll of vulnerability {unknown}
 h - 4 scrolls of blinking
 y - a scroll of fog
Jewellery
 m - a cursed ring of teleportation (left hand)
Potions
 d - a potion of paralysis


   Skills:
 - Level 4.0 Armour
 - Level 2.4 Dodging
 + Level 4.8 Stealth
 - Level 7.5 Shields
 - Level 12.0 Spellcasting
 + Level 11.2 Conjurations
 + Level 5.0 Necromancy
 + Level 11.1 Fire Magic


You had 4 spell levels left.
You knew the following spells:

 Your Spells              Type           Power        Failure   Level  Hunger
a - Flame Tongue          Conj/Fire      #####        1%          1    None
b - Conjure Flame         Conj/Fire      ######..     1%          3    None
c - Sticky Flame          Conj/Fire      ######..     1%          4    None
d - Fireball              Conj/Fire      ######....   1%          5    ##.....
e - Throw Flame           Conj/Fire      ######       1%          2    None
f - Bolt of Magma         Conj/Fire/Erth ######....   12%         5    ##.....
g - Delayed Fireball      Conj/Fire      N/A          65%         7    ######.
h - Dig                   Erth           ###.....     69%         4    None
i - Twisted Resurrection  Necr           #####.....   24%         5    ##.....


Dungeon Overview and Level Annotations

Branches:
Dungeon (10/27)            Temple (1/1) D:7             Orc (0/4) D:7
   Lair (4/8) D:10
  Swamp: Lair:3-6    Shoals: Lair:3-6     Snake: Lair:3-6    Spider: Lair:3-6

Altars:
Ashenzari
Cheibriados
Elyvilon
Fedhas
Kikubaaqudgha
Makhleb
Nemelex Xobeh
Okawaru
Sif Muna
Trog
Vehumet
Xom
Yredelemnul
Zin
the Shining One

Portals:
Ziggurat: D:5 (3300 gp)

Annotations:
Lair:3 Fannar


Innate Abilities, Weirdness & Mutations

You are partially covered in large bone plates (AC +2, SH +2).
You are partially covered in rough black scales (AC +4, Dex -1).
You are agile. (Dex +2)
Your magical capacity is low (-10% MP).
You have a slow metabolism.
You can spit moderately strong poison.
You are very weak. (Str -4)


Message History

Blink to where?
Press: ? - help, Dir - move target cursor
As you read the scroll of blinking, it crumbles to dust.
* * * LOW HITPOINT WARNING * * *
You feel sick.
The worker ant twitches its antennae in your direction.
Found a scroll labeled IHUFAA TIQAKE.
* * * LOW HITPOINT WARNING * * *
You feel sick. The worker ant closely misses you.
Drink which item? (? for menu, Esc to quit)
You suddenly lose the ability to move!
It was a potion of paralysis.
* * * LOW HITPOINT WARNING * * *
You feel sick.
The worker ant bites you but does no damage.
* * * LOW HITPOINT WARNING * * *
You feel sick.
The soldier ant waves its antennae.
The worker ant bites you but does no damage.
You die...
Kikubaaqudgha rasps: "You have failed me!
Welcome... death!"

.. #.? ##.. ...
##.### #..f.###
#......#
##.....##
#...@<..#
#...a...# .
#.......## ...
###.....#
###.... #....a.#
###.?.....e
#......###....#
#.......ยง...#.#
#......f..P## #
......######


You could see a soldier ant and a worker ant.

Vanquished Creatures
  Gastronok (Lair:3)
  Pikel (D:9)
  3 oklob plants
  3 spiny frogs
  A komodo dragon (Lair:2)
  Grum (D:9)
  A troll (D:10)
  3 wolves
  A two-headed ogre (D:10)
  2 basilisks
  A griffon skeleton (D:10)
  21 yaks
  A hungry ghost (D:8)
  2 wyverns
  3 hippogriffs
  4 manticores
  Edmund (D:9)
  The ghost of 1Viktor the Shield-Bearer, an average GrFi (D:3)
  Menkaure (D:7)
  5 soldier ants
  7 ogres
  6 porcupines
  4 orc warriors
  4 phantoms
  4 centaurs
  4 sky beasts
  6 crocodiles
  2 ice beasts
  Duvessa (D:9)
  9 giant frogs
  4 water moccasins
  2 big kobolds (D:7)
  4 giant slugs
  A gnoll sergeant (D:10)
  Blork the orc (D:7)
  2 agate snails
  A cyclops zombie (D:9)
  A hippogriff zombie (D:10)
  5 killer bees (D:8)
  6 wights
  3 crimson imps
  Dowan (D:9)
  5 hounds
  11 jellies
  2 two-headed ogre zombies
  Crazy Yiuf (D:5)
  A quasit (D:9)
  5 iguanas
  3 orc priests (D:8)
  4 orc wizards
  5 scorpions
  3 gnoll shamans (D:10)
  30 worker ants
  5 sheep (Lair:1)
  A big kobold skeleton (D:10)
  A mummy (D:8)
  2 worker ant zombies
  21 green rats
  13 adders
  13 gnolls (D:10)
  5 giant centipedes
  2 giant mites (D:4)
  2 worms
  An iguana zombie (D:9)
  3 giant eyeballs
  7 giant geckos
  11 oozes
  16 orcs
  A bat zombie (D:5)
  A giant cockroach (D:4)
  10 goblins
  A grey rat (Lair:3)
  17 hobgoblins
  26 jackals
  11 quokkas
  4 ball pythons
  12 bats
  A giant gecko zombie (D:9)
  2 giant newts
  A goblin skeleton (D:5)
  18 kobolds
  A kobold zombie (D:8)
  A quokka zombie (D:5)
  23 rats
  A rat skeleton (D:5)
  A butterfly (D:7)
  A fungus (D:10)
  2 plants (Lair:3)
443 creatures vanquished.

Vanquished Creatures (others)
  A wolf (D:9)
  4 slaves (D:9)
  9 fungi
  A plant (Lair:3)
15 creatures vanquished.

Grand Total: 458 creatures vanquished

Notes
Turn   | Place    | Note
--------------------------------------------------------------
     0 | D:1      | Lilouch, the Deep Elf Fire Elementalist, began the quest for the Orb.
     0 | D:1      | Reached XP level 1. HP: 10/10 MP: 4/4
   376 | D:1      | Reached XP level 2. HP: 15/15 MP: 3/6
  1670 | D:3      | Found a shimmering altar of Xom.
  1672 | D:3      | Found a shimmering altar of Xom.
  1672 | D:3      | Found a shimmering altar of Xom.
  1673 | D:3      | Found a shimmering altar of Xom.
  1684 | D:3      | Reached XP level 3. HP: 19/19 MP: 3/9
  1769 | D:3      | Learned a level 3 spell: Conjure Flame
  1775 | D:3      | Noticed 1Viktor's ghost (average GrFi)
  1791 | D:3      | Killed 1Viktor's ghost
  1791 | D:3      | Reached skill level 4 in Fire Magic
  1791 | D:3      | Reached XP level 4. HP: 3/24 MP: 0/13
  1791 | D:3      | Reached XP level 5. HP: 3/28 MP: 0/16
  3039 | D:4      | Got a pair of polished gloves
  3058 | D:4      | Got an encrusted dagger
  3063 | D:4      | Identified the +0 pair of gloves "Weot" {rC+} (You found it on level 4 of the Dungeon)
  3151 | D:4      | Paralysed by a giant eyeball for 4 turns
  3253 | D:4      | Reached XP level 6. HP: 32/32 MP: 13/19
  3302 | D:4      | Noticed an ogre
  3313 | D:4      | Killed an ogre
  3313 | D:4      | Reached skill level 5 in Conjurations
  3611 | D:4      | Reached skill level 5 in Fire Magic
  3639 | D:4      | Found a glowing drain.
  3643 | Sewer    | Entered a sewer
  3842 | Sewer    | Identified the cursed +4,+3 dagger of Fury {vamp, *Tele rPois} (You found it on level 4 of the Dungeon)
  4102 | D:5      | Entered Level 5 of the Dungeon
  4117 | D:5      | Reached skill level 5 in Spellcasting
  4117 | D:5      | Reached skill level 6 in Conjurations
  4117 | D:5      | Reached XP level 7. HP: 36/36 MP: 9/21
  5092 | D:5      | Found a gateway to a ziggurat.
  5242 | D:5      | Noticed Crazy Yiuf
  5257 | D:5      | Killed Crazy Yiuf
  5644 | D:6      | Learned a level 4 spell: Sticky Flame
  5650 | D:6      | Learned a level 5 spell: Fireball
  5653 | D:6      | Learned a level 2 spell: Throw Flame
  5751 | D:4      | Reached skill level 7 in Conjurations
  6061 | D:6      | Reached XP level 8. HP: 41/41 MP: 12/24
  6652 | D:7      | Found a staircase to the Ecumenical Temple.
  6674 | Temple   | Entered the Ecumenical Temple
  6955 | D:7      | Reached skill level 8 in Spellcasting
  7008 | D:8      | Reached skill level 9 in Spellcasting
  7128 | D:7      | Noticed Menkaure
  7132 | D:7      | Killed Menkaure
  7330 | D:7      | Reached XP level 9. HP: 45/45 MP: 19/28
  7376 | D:7      | Noticed Blork the orc
  7384 | D:7      | Killed Blork the orc
  7470 | D:7      | Learned a level 5 spell: Bolt of Magma
  7478 | D:7      | Learned a level 7 spell: Delayed Fireball
  7576 | D:7      | Reached skill level 10 in Spellcasting
  7622 | D:7      | Found a staircase to the Orcish Mines.
  8183 | D:8      | Reached skill level 11 in Spellcasting
  8393 | D:9      | Noticed Duvessa
  8398 | D:9      | Noticed Dowan
  8458 | D:9      | Killed Duvessa
  8518 | D:9      | Killed Dowan
  8728 | D:9      | Reached skill level 12 in Spellcasting
  9011 | D:9      | Noticed Edmund
  9027 | D:9      | Killed Edmund
  9044 | D:9      | Gained mutation: You are partially covered in large bone plates (AC +2, SH +2). [mutagenic meat]
  9045 | D:9      | Gained mutation: You are weak. (Str -2) [mutagenic meat]
  9046 | D:9      | Gained mutation: You are agile. (Dex +2) [mutagenic meat]
  9073 | D:9      | Gained mutation: You can spit poison. [potion of mutation]
  9073 | D:9      | Gained mutation: You are very weak. (Str -4) [potion of mutation]
  9073 | D:9      | Gained mutation: You are frail (-10% HP). [potion of mutation]
  9074 | D:9      | Lost mutation: You are frail (-10% HP). [potion of mutation]
  9074 | D:9      | Gained mutation: You are partially covered in rough black scales (AC +4, Dex -1). [potion of mutation]
  9074 | D:9      | Gained mutation: Your magical capacity is low (-10% MP). [potion of mutation]
  9106 | D:9      | Learned a level 4 spell: Dig
  9201 | D:9      | Noticed Pikel
  9210 | D:9      | Killed Pikel
  9210 | D:9      | Reached skill level 1 in Shields
  9210 | D:9      | Reached XP level 10. HP: 22/50 MP: 18/27
  9283 | D:9      | Noticed Grum
  9289 | D:9      | Killed Grum
 11160 | D:8      | Found an ancient bone altar of Kikubaaqudgha.
 11164 | D:8      | Found a burning altar of Makhleb.
 11168 | D:8      | Became a worshipper of Kikubaaqudgha
 11512 | D:8      | Reached skill level 10 in Fire Magic
 11835 | D:8      | Gained mutation: You have a slow metabolism. [mutagenic meat]
 12024 | D:10     | Entered Level 10 of the Dungeon
 12441 | D:10     | Reached skill level 5 in Shields
 12488 | D:10     | Acquired Kikubaaqudgha's first power
 12488 | D:10     | Received a gift from Kikubaaqudgha
 12491 | D:10     | Identified Kikubaaqudgha's Handbook of Necromancy (Kikubaaqudgha gifted it to you on level 10 of the Dungeon)
 12675 | D:10     | Gained mutation: You can spit moderately strong poison. [potion of beneficial mutation]
 13124 | D:10     | Reached XP level 11. HP: 47/54 MP: 19/28
 13147 | D:10     | Noticed an oklob plant
 13503 | D:10     | Killed an oklob plant
 13503 | D:10     | Reached skill level 1 in Armour
 13790 | D:10     | Found a staircase to the Lair.
 13803 | D:10     | Acquired Kikubaaqudgha's second power
 13890 | Lair:1   | Entered Level 1 of the Lair of Beasts
 14797 | Lair:1   | Reached skill level 10 in Conjurations
 15675 | Lair:2   | Received a gift from Kikubaaqudgha
 15676 | Lair:2   | Identified Kikubaaqudgha's Guide on Black Secrets (Kikubaaqudgha gifted it to you on level 2 of the Lair of Beasts)
 16271 | Lair:1   | Learned a level 5 spell: Twisted Resurrection
 16494 | Lair:2   | Reached skill level 1 in Necromancy
 17338 | Lair:3   | Noticed Fannar
 17338 | Lair:3   | Noticed a six-headed hydra
 17597 | Lair:3   | Acquired Kikubaaqudgha's third power
 17676 | Lair:2   | Reached XP level 12. HP: 39/58 MP: 1/30
 18314 | Lair:3   | Noticed Gastronok
 18328 | Lair:3   | Killed Gastronok
 18716 | Lair:3   | Reached skill level 5 in Necromancy
 18761 | Lair:3   | Paralysed by a potion of paralysis for 6 turns
 18763 | Lair:3   | Succumbed to a soldier ant's poison

Action                   |  1- 3 |  4- 6 |  7- 9 | 10-12 || total
-------------------------+-------+-------+-------+-------++-------
Melee: Unarmed           |     4 |     1 |    12 |       ||    17
       Dagger            |       |       |   104 |       ||   104
       Mace              |       |       |       |    28 ||    28
       Sling             |       |       |       |     5 ||     5
 Fire: Sling             |       |       |    47 |    56 ||   103
Throw: Dagger            |    31 |    38 |    66 |       ||   135
       Javelin           |       |    40 |    11 |       ||    51
       Dart              |       |       |       |    12 ||    12
 Cast: Flame Tongue      |    41 |    81 |   193 |   379 ||   694
       Conjure Flame     |     2 |     5 |    38 |    60 ||   105
       Sticky Flame      |       |       |     7 |    62 ||    69
       Throw Flame       |       |       |    41 |   162 ||   203
       Fireball          |       |       |     9 |    36 ||    45
       Bolt of Magma     |       |       |       |    12 ||    12
Invok: Receive Corpses   |       |       |       |     1 ||     1
Evoke: Wand              |       |       |     2 |     2 ||     4
  Use: Scroll            |       |     7 |    11 |     7 ||    25
       Potion            |       |       |     7 |    11 ||    18
